[ PARTIDA AOE2 · #504849320 ]
UnrankedCoreanos vs Turks
Equipo del jugador · VICT
Equipo rival · DERR
[ ANÁLISIS DE REPETICIÓN · EXTRAÍDO DE LA PARTIDA GRABADA ]
Feudal
9:44
Castillos
23:40
Imperial
—
| APM promedio | 33.2 |
| APM pico | 76 |
| eAPM promedio | 17.0 |
| Aldeanos / militares | 48 / 6 |
Foco
⚔️ 24.1% · 🌾 75.9%
Archer ×5 · Iron Pagoda ×1
Feudal
13:05
Castillos
18:49
Imperial
—
| APM promedio | 23.5 |
| APM pico | 107 |
| eAPM promedio | 14.4 |
| Aldeanos / militares | 53 / 1 |
Foco
⚔️ 19.3% · 🌾 80.7%
Mangonel ×1
Mapa de la partida
Recursos iniciales + cada clic de construcción. Líneas = muros · curvas = relieve. ◆ oro · ⬟ piedra · ● bayas · ✦ reliquia · ◌ hueco del cierre
Tu base· ✓ Cerrada en 23:40 · 8t muro · 2 puerta(s) · frágil
Base de chninane· ✓ Cerrada en 18:49 · 66t muro · frágil
Terreno inicial suavizado · ◌ = hueco del cierre detectado · pasá el cursor para detalles
Inputs por minuto
— Post Nut Clarity - - chninane
Build order — Post Nut Clarity
116 acciones detectadas en el replay
| 0:00 | Investigar | Loom |
| 0:00 | Encolar | Villager (Male) |
| 0:01 | Construir | House |
| 0:03 | Construir | House |
| 0:26 | Encolar | Villager (Male) |
| 0:26 | Encolar | Villager (Male) |
| 0:26 | Encolar | Villager (Male) |
| 1:29 | Construir | Palisade Wall |
| 1:34 | Construir | Palisade Gate |
| 1:39 | Encolar | Villager (Male) |
| 2:39 | Encolar | Villager (Male) |
| 3:00 | Construir | Lumber Camp |
| 3:04 | Encolar | Villager (Male) |
| 3:04 | Encolar | Villager (Male) |
| 3:43 | Encolar | Villager (Male) |
| 4:12 | Encolar | Villager (Male) |
| 4:30 | Encolar | Villager (Male) |
| 4:39 | Encolar | Villager (Male) |
| 4:49 | Construir | House |
| 5:01 | Encolar | Villager (Male) |
| 5:07 | Encolar | Villager (Male) |
| 5:10 | Encolar | Villager (Male) |
| 5:12 | Encolar | Villager (Male) |
| 5:30 | Encolar | Villager (Male) |
| 5:57 | Encolar | Villager (Male) |
| 6:05 | Construir | Mill |
| 6:37 | Encolar | Villager (Male) |
| 7:34 | Investigar | Feudal Age |
| 8:02 | Construir | Mining Camp |
| 8:24 | Construir | House |
| 9:06 | Construir | Barracks |
| 9:20 | Encolar | Villager (Male) |
| 9:21 | Encolar | Villager (Male) |
| 9:34 | Construir | Palisade Gate |
| 9:38 | Construir | Palisade Gate |
| 9:44 | Edad | Edad Feudal |
| 9:45 | Construir | Palisade Gate |
| 9:57 | Encolar | Villager (Male) |
| 10:31 | Construir | Lumber Camp |
| 11:01 | Encolar | Villager (Male) |
| 11:42 | Encolar | Villager (Male) |
| 12:00 | Construir | Archery Range |
| 12:21 | Encolar | Villager (Male) |
| 12:34 | Encolar | Archer |
| 12:34 | Encolar | Archer |
| 12:36 | Encolar | Archer |
| 12:38 | Construir | House |
| 12:40 | Construir | House |
| 12:51 | Encolar | Villager (Male) |
| 13:19 | Encolar | Archer |
| 13:23 | Construir | Blacksmith |
| 13:32 | Encolar | Villager (Male) |
| 13:41 | Encolar | Archer |
| 13:59 | Construir | Farm |
| 14:01 | Encolar | Villager (Male) |
| 14:28 | Construir | Farm |
| 14:32 | Encolar | Villager (Male) |
| 15:05 | Construir | Farm |
| 15:09 | Encolar | Villager (Male) |
| 15:18 | Encolar | Villager (Male) |
| 15:32 | Construir | Watch Tower |
| 15:38 | Construir | Farm |
| 15:41 | Construir | House |
| 15:42 | Construir | House |
| 15:46 | Investigar | Town Watch |
| 15:50 | Investigar | Fletching |
| 16:06 | Encolar | Villager (Male) |
| 16:13 | Encolar | Villager (Male) |
| 16:30 | Construir | Mining Camp |
| 16:43 | Construir | Farm |
| 16:44 | Encolar | Villager (Male) |
| 16:47 | Construir | Market |
| 16:51 | Encolar | Villager (Male) |
| 17:06 | Construir | Mining Camp |
| 17:54 | Construir | Lumber Camp |
| 17:57 | Encolar | Villager (Male) |
| 17:58 | Encolar | Villager (Male) |
| 18:08 | Construir | Watch Tower |
| 18:36 | Encolar | Villager (Male) |
| 18:40 | Encolar | Villager (Male) |
| 18:42 | Construir | Farm |
| 18:50 | Construir | Farm |
| 18:51 | Encolar | Villager (Male) |
| 19:31 | Encolar | Villager (Male) |
| 19:33 | Construir | Farm |
| 19:34 | Encolar | Villager (Male) |
| 19:40 | Construir | Farm |
| 19:50 | Construir | Watch Tower |
| 20:05 | Construir | Farm |
| 20:30 | Construir | Farm |
| 20:47 | Construir | Watch Tower |
| 20:54 | Construir | Farm |
| 21:00 | Investigar | Castle Age |
| 21:31 | Construir | House |
| 21:33 | Construir | House |
| 21:34 | Construir | House |
| 21:50 | Construir | Watch Tower |
| 22:12 | Investigar | Stone Mining |
| 22:14 | Investigar | Gold Mining |
| 22:28 | Investigar | Double-Bit Axe |
| 22:49 | Construir | Watch Tower |
| 22:56 | Investigar | Horse Collar |
| 22:58 | Encolar | Villager (Male) |
| 23:40 | Edad | Edad de los Castillos |
| 23:51 | Investigar | Bodkin Arrow |
| 23:55 | Encolar | Villager (Male) |
| 24:12 | Construir | Siege Workshop |
| 24:16 | Construir | Farm |
| 24:18 | Encolar | Villager (Male) |
| 24:24 | Construir | University |
| 24:35 | Construir | Farm |
| 24:40 | Encolar | Villager (Male) |
| 24:57 | Encolar | Iron Pagoda |
| 25:20 | Encolar | Villager (Male) |
| 25:21 | Encolar | Villager (Male) |
| 25:33 | Construir | Castle |
Build order — chninane
109 acciones detectadas en el replay
| 0:03 | Encolar | Villager (Male) ×4 |
| 0:06 | Construir | House |
| 0:07 | Construir | House |
| 1:28 | Encolar | Villager (Male) |
| 1:28 | Encolar | Villager (Male) |
| 2:46 | Encolar | Villager (Male) |
| 2:46 | Encolar | Villager (Male) |
| 3:06 | Investigar | Loom |
| 3:11 | Encolar | Villager (Male) |
| 3:34 | Encolar | Villager (Male) |
| 3:42 | Encolar | Villager (Male) |
| 3:59 | Encolar | Villager (Male) |
| 4:00 | Encolar | Villager (Male) |
| 4:11 | Construir | Lumber Camp |
| 4:39 | Encolar | Villager (Male) |
| 4:39 | Encolar | Villager (Male) |
| 5:12 | Encolar | Villager (Male) |
| 5:27 | Construir | House |
| 5:28 | Construir | House |
| 5:44 | Construir | House |
| 5:46 | Construir | House |
| 6:02 | Encolar | Villager (Male) |
| 6:18 | Encolar | Villager (Male) |
| 6:18 | Encolar | Villager (Male) |
| 7:17 | Encolar | Villager (Male) |
| 7:22 | Construir | Mill |
| 8:39 | Construir | Palisade Wall |
| 8:43 | Construir | Palisade Wall |
| 8:47 | Encolar | Villager (Male) |
| 8:48 | Encolar | Villager (Male) |
| 8:50 | Encolar | Villager (Male) |
| 8:57 | Construir | Mill |
| 9:07 | Construir | Palisade Wall |
| 9:12 | Construir | Palisade Wall |
| 9:15 | Construir | Palisade Wall |
| 9:19 | Construir | Palisade Wall |
| 9:52 | Construir | Palisade Wall |
| 9:56 | Construir | Palisade Wall |
| 10:30 | Encolar | Villager (Male) |
| 10:32 | Investigar | Feudal Age |
| 10:53 | Construir | Mining Camp |
| 11:12 | Construir | Barracks |
| 12:46 | Construir | Palisade Wall |
| 12:51 | Construir | Palisade Wall |
| 12:55 | Construir | Palisade Wall |
| 13:02 | Encolar | Villager (Male) |
| 13:03 | Encolar | Villager (Male) |
| 13:05 | Edad | Edad Feudal |
| 13:09 | Construir | House |
| 13:14 | Construir | Palisade Wall |
| 13:50 | Construir | Palisade Wall |
| 13:52 | Encolar | Villager (Male) |
| 13:56 | Construir | Farm |
| 13:57 | Construir | Farm |
| 13:57 | Construir | Farm |
| 14:22 | Construir | Market |
| 14:31 | Encolar | Villager (Male) |
| 15:42 | Construir | House |
| 15:51 | Construir | Blacksmith |
| 16:09 | Investigar | Castle Age |
| 16:32 | Construir | Farm |
| 17:03 | Construir | Farm |
| 17:22 | Construir | Palisade Wall |
| 17:40 | Construir | Palisade Wall |
| 18:46 | Construir | Market |
| 18:49 | Edad | Edad de los Castillos |
| 19:21 | Encolar | Villager (Male) |
| 19:21 | Encolar | Villager (Male) |
| 19:36 | Construir | Town Center |
| 20:00 | Construir | Town Center |
| 20:20 | Encolar | Villager (Male) |
| 20:20 | Encolar | Villager (Male) |
| 20:36 | Construir | Farm |
| 20:36 | Construir | Farm |
| 20:37 | Construir | Farm |
| 21:18 | Construir | Farm |
| 21:19 | Construir | Farm |
| 21:19 | Construir | Farm |
| 21:19 | Construir | Farm |
| 21:20 | Construir | Farm |
| 21:36 | Construir | Farm |
| 21:36 | Construir | Farm |
| 21:36 | Construir | Farm |
| 21:37 | Construir | Farm |
| 22:05 | Construir | Siege Workshop |
| 22:25 | Encolar | Villager (Male) |
| 22:25 | Encolar | Villager (Male) |
| 22:58 | Encolar | Villager (Male) |
| 22:59 | Encolar | Villager (Male) |
| 22:59 | Encolar | Villager (Male) |
| 23:31 | Encolar | Villager (Male) |
| 23:32 | Encolar | Villager (Male) |
| 23:41 | Encolar | Mangonel |
| 23:45 | Encolar | Villager (Male) |
| 23:46 | Encolar | Villager (Male) |
| 23:47 | Encolar | Villager (Male) |
| 23:47 | Encolar | Villager (Male) |
| 24:02 | Construir | Monastery |
| 24:11 | Encolar | Villager (Male) |
| 24:11 | Encolar | Villager (Male) |
| 24:20 | Encolar | Villager (Male) |
| 24:20 | Encolar | Villager (Male) |
| 24:43 | Encolar | Villager (Male) |
| 24:43 | Encolar | Villager (Male) |
| 24:43 | Encolar | Villager (Male) |
| 24:54 | Construir | Farm |
| 25:23 | Encolar | Villager (Male) |
| 25:23 | Encolar | Villager (Male) |
| 25:24 | Encolar | Villager (Male) |
Cronología de la partida
| 1:29 | Post Nut Clarity · wall_segment Palisade Wall x8 |
| 8:39 | chninane · wall_segment Palisade Wall x3 |
| 8:43 | chninane · wall_segment Palisade Wall x6 |
| 9:06 | Post Nut Clarity · first_building Barracks |
| 9:07 | chninane · wall_segment Palisade Wall x1 |
| 9:12 | chninane · wall_segment Palisade Wall x1 |
| 9:15 | chninane · wall_segment Palisade Wall x1 |
| 9:19 | chninane · wall_segment Palisade Wall x1 |
| 9:44 | Post Nut Clarity · age_up feudal |
| 9:52 | chninane · wall_segment Palisade Wall x4 |
| 9:56 | chninane · wall_segment Palisade Wall x5 |
| 11:12 | chninane · first_building Barracks |
| 12:00 | Post Nut Clarity · first_building Archery Range |
| 12:46 | chninane · wall_segment Palisade Wall x15 |
| 12:51 | chninane · wall_segment Palisade Wall x10 |
| 12:55 | chninane · wall_segment Palisade Wall x4 |
| 13:05 | chninane · age_up feudal |
| 13:14 | chninane · wall_segment Palisade Wall x1 |
| 13:50 | chninane · wall_segment Palisade Wall x1 |
| 17:22 | chninane · wall_segment Palisade Wall x7 |
| 17:40 | chninane · wall_segment Palisade Wall x8 |
| 18:49 | chninane · age_up castle |
| 19:35 | Post Nut Clarity · first_market_buy 100 food |
| 20:19 | chninane · first_market_buy 100 food |
| 20:25 | Post Nut Clarity · first_market_sell 100 wood |
| 22:05 | chninane · first_building Siege Workshop |
| 23:40 | Post Nut Clarity · age_up castle |
| 24:02 | chninane · first_building Monastery |
| 24:12 | Post Nut Clarity · first_building Siege Workshop |
| 25:33 | Post Nut Clarity · first_building Castle |
| 25:42 | chninane · resign |
[ ANÁLISIS IA · 1 CRÉDITO ]
¿Qué pasó realmente en esta partida?
Wolo.gg analiza cada decisión: build order, eco, micro, errores típicos por bracket. Análisis personalizado por WhatsApp o Discord en 30 segundos.
Guía civ
Coreanos
Perfil
Jugador #2740170